AoeStats
← tjcameron2011

Arena

509258178Analyzed
1v1 RM · 5d ago on Sep 26, 2026· 42m 52s· 2 players
Game mode
Random Map
Map size
Tiny (2 player)
Population
200
Speed
Normal
Resources
Standard
Victory
Conquest
Starting age
Dark Age
Ending age
Imperial Age
RankedLock teamsTeams togetherTeam positionsShared explorationLock speedFull tech treeHidden civsTurbo modeCheats
Victory
Defeat
🇺🇸 Cumans · United States
638
+17
🇧🇷 Wu · Brazil
663
-17
tjcameron2011
2:16 Loom
10:49 Feudal Age
12:40 Wheelbarrow
12:25 Double-Bit Axe
13:04 Horse Collar
14:04 Town Watch
22:32 Castle Age
23:38 Hand Cart
23:43 Forging
23:34 Scale Mail Armor
24:13 Bow Saw
23:55 Crossbowman
24:39 Fletching
25:05 Capped Ram
26:25 Padded Archer Armor
26:20 Bodkin Arrow
27:40 Man-at-Arms
29:00 Iron Casting
28:41 Leather Archer Armor
28:41 Chain Mail Armor
29:10 Bloodlines
29:57 Scale Barding Armor
31:42 Steppe Husbandry
31:13 Light Cavalry
36:30 Imperial Age
34:00 Gold Mining
34:00 Stone Mining
36:20 Heavy Plow
36:23 Town Patrol
39:09 Cavalier
39:10 Hussar
39:40 Elite Kipchak
40:20 Cuman Mercenaries
42:13 Ballistics
41:50 Murder Holes
42:06 Masonry
Italien
11:43 Feudal Age
13:38 Loom
16:29 Castle Age
15:10 Double-Bit Axe
15:33 Horse Collar
18:40 Treadmill Crane
20:03 Murder Holes
20:16 Fletching
23:42 Red Cliffs Tactics
24:35 Bow Saw
30:18 Heavy Plow
36:32 Imperial Age
35:02 Bodkin Arrow
35:08 Padded Archer Armor
35:27 Elite Skirmisher
36:55 Ballistics
Connection lost

Rejoining the realm…

Still unreachable

The connection could not be restored.

Session expired

The server has moved on; the page needs a fresh start.